Map: Ruins of Seras

Players

Trizztein - Winner!

  • Race: Terran Terran
  • League: Platinum

insanenerd

  • Race: Zerg Zerg
  • League: Gold

VOD

Have the link to the VOD?

Description

Time

  • Played on: Jan. 5, 2016, 6:22 p.m.
  • Length: 13:42
Show
View Real Time Build Order
Export as new Build Order

Trizztein Terran - Winner!

Build Orders: Reaper Expand, Hellion Banshee, Mech 

Get SALT Encoding   

  12  0:01  SCV  
  13  0:13  SCV  
  14  0:18  Supply Depot  
  14  0:25  SCV  
  15  0:40  SCV  
  15  0:42  Barracks  
  16  0:49  Refinery  
  16  0:52  SCV  
  17  1:04  SCV  
  18  1:16  SCV  
  19  1:29  Orbital Command  
  19  1:33  Reaper  
  20  1:47  Command Center  
  20  1:53  Supply Depot  
  20  1:55  SCV  
  21  2:04  Marine  
  22  2:11  Factory  
  22  2:12  SCV  
  23  2:18  Refinery  
  23  2:27  Barracks Reactor  
  23  2:30  SCV  
  24  2:42  SCV  
  24  2:57  Starport  
  24  2:59  Orbital Command  
  24  3:07  SCV  
  24  3:09  Hellion x2  
  24  3:12  Barracks Tech Lab  
  29  3:19  SCV  
  30  3:20  Orbital Command  
  30  3:31  SCV, Hellion x2  
  35  3:42  Cloaking Field  
  35  3:45  Banshee  
  38  3:49  Supply Depot  
  38  3:51  Widow Mine  
  38  3:52  SCV x2, Hellion  
  44  4:04  SCV x2  
  44  4:09  Barracks Tech Lab  
  46  4:11  Supply Depot  
  46  4:15  Hellion  
  46  4:16  SCV x2  
  50  4:28  SCV x2  
  52  4:31  Refinery x2  
  52  4:35  Banshee  
  55  4:39  Command Center  
  55  4:43  SCV x2  
  57  4:51  Supply Depot  
  57  4:55  SCV  
  57  4:59  Supply Depot, SCV  
  59  5:07  SCV  
  59  5:11  SCV  
  61  5:19  SCV  
  62  5:23  SCV  
  63  5:30  Banshee  
  63  5:31  SCV  
  67  5:36  SCV  
  67  5:37  Widow Mine  
  70  5:45  SCV  
  70  5:48  SCV  
  72  5:51  Armory, Factory  
  72  5:52  Factory  
  72  5:53  Armory, Supply Depot  
  72  5:54  Engineering Bay, Orbital Command  
  72  6:03  SCV  
  73  6:04  SCV  
  73  6:09  Supply Depot  
  74  6:15  SCV  
  74  6:16  SCV  
  76  6:23  Orbital Command  
  76  6:27  SCV  
  76  6:30  Hellion x2  
  75  6:59  SCV  
  75  7:00  SCV x2  
  78  7:08  Missile Turret  
  78  7:11  SCV, Terran Vehicle Weapons Level 1, Terran Vehicle And Ship Armor Level 1  
  78  7:12  SCV, Missile Turret  
  78  7:14  Hellion x2  
  84  7:18  Refinery x2  
  84  7:19  Starport Reactor  
  84  7:24  Siege Tank  
  84  7:25  SCV x2  
  84  7:29  Missile Turret  
  89  7:30  SCV  
  89  7:34  Barracks Reactor  
  89  7:36  Hellion x2  
  94  7:37  SCV  
  94  7:39  Hellion, Liberator  
  94  7:40  Liberator  
  97  7:45  Infernal Pre-Igniter  
  97  7:49  Supply Depot  
  97  7:50  Supply Depot  
  97  7:55  Missile Turret  
  97  7:56  Siege Tank  
  106  8:00  Siege Tank  
  109  8:19  Missile Turret  
  109  8:22  Liberator x2  
  109  8:24  Hellion x2  
  109  8:26  Supply Depot  
  113  8:28  Siege Tank  
  113  8:29  Supply Depot  
  113  8:30  Missile Turret  
  113  8:32  Supply Depot, Siege Tank, Missile Turret  
  119  8:34  Missile Turret  
  125  8:46  Hellion x2  
  129  9:00  Siege Tank  
  129  9:02  Factory  
  131  9:03  Factory  
  131  9:05  SCV x2, Hellion  
  131  9:07  Supply Depot  
  131  9:08  Hellion  
  131  9:09  Hellion  
  139  9:10  Supply Depot, Barracks Tech Lab  
  139  9:18  Terran Vehicle And Ship Armor Level 2, Terran Vehicle Weapons Level 2  
  139  9:25  Missile Turret  
  139  9:26  Hellion, Missile Turret  
  139  9:29  Hellion  
  139  9:30  Hellion  
  145  9:32  Siege Tank  
  148  9:38  Liberator x2  
  148  9:40  Command Center x2  
  154  10:03  Starport x3  
  154  10:24  Hellion x3, Siege Tank  
  163  10:35  Liberator  
  163  10:36  Liberator  
  155  10:45  Siege Tank  
  155  10:48  Hellion x4  
  155  10:49  Barracks Tech Lab  
  160  10:52  Siege Tank  
  160  10:56  Siege Tank  
  166  11:02  SCV  
  167  11:08  Supply Depot  
  167  11:09  Planetary Fortress  
  167  11:20  Starport Tech Lab  
  167  11:21  Starport Tech Lab x2  
  167  11:22  Liberator x2  
  167  11:23  Barracks  
  167  11:24  Barracks x2  
  167  11:26  Ghost Academy  
  167  11:27  Fusion Core  
  167  11:34  SCV x3  
  167  11:38  Hellion, Siege Tank x2  
  167  11:39  Hellion x2  
  188  11:46  SCV x2  
  186  11:54  Hellion x2  
  190  12:00  Hellion  
  192  12:17  Hellion x4  
  200  12:36  Planetary Fortress  
  200  12:45  Refinery  
  200  12:47  Missile Turret  
  200  12:48  Missile Turret  
  200  12:50  Missile Turret  
  200  13:01  Missile Turret  
  200  13:10  Barracks Tech Lab  
  200  13:11  Barracks Tech Lab x2  
Show
View Real Time Build Order
Export as new Build Order

insanenerd Zerg 

Build Orders: Hatch First, Muta Ling Bane 

Get SALT Encoding   

  12  0:01  Drone  
  13  0:32  Hatchery  
  12  0:40  Drone  
  13  0:43  Drone  
  14  0:58  Spawning Pool  
  14  1:03  Drone  
  14  1:11  Overlord  
  14  1:21  Drone, Extractor  
  14  1:29  Drone x2  
  16  1:40  Drone  
  16  1:46  Queen  
  19  1:48  Drone  
  20  1:59  Queen  
  22  2:05  Drone  
  22  2:07  Drone  
  24  2:15  Overlord  
  24  2:21  Drone  
  25  2:27  Drone x2  
  27  2:31  Metabolic Boost  
  27  2:43  Drone x3  
  30  2:47  Drone  
  31  2:57  Drone x2  
  33  3:01  Overlord  
  33  3:09  Drone x2  
  33  3:11  Overlord  
  35  3:14  Drone  
  36  3:23  Extractor  
  36  3:24  Drone  
  36  3:25  Extractor  
  36  3:26  Drone x2  
  36  3:27  Drone  
  38  3:28  Extractor  
  38  3:31  Lair  
  37  3:53  Hatchery  
  37  3:55  Zergling x10  
  41  4:05  Baneling Nest  
  41  4:06  Drone x2  
  41  4:07  Drone  
  43  4:11  Drone  
  43  4:12  Drone  
  45  4:17  Overlord  
  45  4:24  Zergling x4  
  45  4:30  Zergling x6  
  49  4:46  Drone x4  
  49  4:47  Drone x3  
  49  4:48  Drone  
  56  5:03  Spore Crawler  
  56  5:05  Spore Crawler  
  52  5:19  Spore Crawler  
  52  5:20  Spore Crawler, Zergling x2  
  49  5:21  Zergling x12  
  51  5:35  Drone x2  
  51  5:36  Drone  
  53  5:48  Overseer  
  53  5:55  Spire  
  52  6:00  Queen  
  50  6:12  Spore Crawler x2  
  47  6:24  Centrifical Hooks  
  47  6:29  Drone x5  
  47  6:30  Drone  
  36  6:55  Zergling x14  
  42  7:14  Zerg Flyer Weapons Level 1, Mutalisk x2  
  46  7:22  Drone x2  
  48  7:23  Drone  
  48  7:46  Overlord  
  48  7:48  Mutalisk x2  
  48  7:49  Mutalisk x2  
  55  7:55  Overlord  
  55  7:58  Overlord  
  55  8:31  Hatchery, Drone x3  
  55  8:32  Drone  
  58  8:49  Drone x2  
  58  8:50  Drone x3  
  58  8:51  Drone  
  64  9:18  Mutalisk  
  64  9:21  Overlord x5  
  66  9:55  Mutalisk x4  
  66  9:56  Mutalisk x5  
  66  9:58  Drone  
  66  9:59  Drone, Queen  
  88  10:13  Zergling x2  
  88  10:14  Zergling x8  
  93  10:32  Spine Crawler  
  93  10:33  Spine Crawler  
  79  10:57  Drone x2  
  79  10:58  Drone x7  
  79  11:03  Extractor  
  87  11:04  Zerg Flyer Weapons Level 2  
  87  11:13  Infestation Pit  
  86  11:25  Queen  
  88  11:26  Drone x4  
  92  11:36  Overlord x5  
  70  11:59  Infestor x2  
  70  12:00  Infestor x3  
  80  12:12  Mutalisk x2  
  84  12:38  Spore Crawler  
  83  12:49  Infestor  
  83  12:50  Infestor x5  
  95  12:59  Zergling x2  
  95  13:00  Zergling x10  
Tags
 
Add a new tag
Caveats
  • Supply blocks, unpowered buildings, or Contaminate may cause inaccurate times.
  • Supply counts are checked every 10 seconds.